 Dungeon Crawl Stone Soup version 0.17-a0-2220-g6fea741 (webtiles) character file.

95 septik the Cudgeler (level 4, -3/28 HPs)
             Began as a Gargoyle Fighter on Oct 28, 2015.
             Killed by nerve-wracking pain
             ... invoked by Jessica
              (10 damage)
             ... on level 2 of the Dungeon.
             The game lasted 00:10:15 (1935 turns).

septik the Cudgeler (Gargoyle Fighter)              Turns: 1935, Time: 00:10:16

Health: -3/28      AC: 11    Str: 20    XL:     4   Next: 66%
Magic:  4/4        EV:  7    Int:  8    God:
Gold:   130        SH:  9    Dex: 10    Spells: 0 memorised, 3 levels left

rFire  . . .     SeeInvis .     p - +0 whip
rCold  . . .     Clarity  .     b - +0 scale mail
rNeg   + . .     SustAt   .     c - +0 shield
rPois  ∞         Gourm    .     (no helmet)
rElec  +         Spirit   .     n - +0 cloak
rCorr  .         Warding  .     (no gloves)
rMut   .         Stasis   .     (no boots)
MR     .....                    (no amulet)
Stlth  ..........               (no ring)
                                (no ring)

@: slowed, very slow, not resistant to hostile enchantments, extremely
unstealthy
A: negative energy resistance 1, electricity resistance, unbreathing,
petrification resistance, rot immunity, AC +3
a: no special abilities


You were on level 2 of the Dungeon.
You were hungry.

You visited 1 branch of the dungeon, and saw 3 of its levels.

You collected 130 gold pieces.

Inventory:

Hand Weapons
 a - a +0 flail
 p - a +0 whip (weapon)
Missiles
 s - 105 stones (quivered)
Armour
 b - a +0 scale mail (worn)
 c - a +0 shield (worn)
 n - a +0 cloak (worn)
Jewellery
 j - an uncursed amulet of warding {unknown}
 u - an uncursed ring of magical power {unknown}
Scrolls
 k - 3 scrolls of identify {unknown}
 v - a scroll of immolation {unknown}
Potions
 d - a potion of might
 g - a potion of haste {unknown}
 i - a potion of lignification {unknown}
 l - a potion of heal wounds {unknown}
 q - a potion of agility {unknown}
 r - a potion of brilliance {unknown}
 t - a potion of curing {unknown}
 w - a potion of flight {unknown}
Comestibles
 e - 5 bread rations
 f - a beef jerky
 h - a meat ration
 m - a slice of pizza
 o - 4 chunks of flesh
 x - 4 fruits


   Skills:
 - Level 3.2 Fighting
 + Level 4.7 Maces & Flails
 - Level 3.2 Armour
 - Level 3.2 Shields


You had 3 spell levels left.
You didn't know any spells.

Dungeon Overview and Level Annotations

Branches:
Dungeon (3/15)

Altars:
Cheibriados

Annotations:
D:2 Jessica
D:3 Ijyb


Innate Abilities, Weirdness & Mutations

You are resistant to torment.
Your stone body is resilient (AC +3).
You are immune to poison.
You resist negative energy.
You are resistant to electric shocks.
You can survive without breathing.
You are immune to petrification.
You are immune to rotting.


Message History

Ijyb zaps a wand.
Some rock shatters into small pieces.
Jessica mumbles some strange words.
Jessica seems to speed up.
The orc hits you but does no damage.
There is a stone staircase leading up here.
Jessica hits you but does no damage. The orc hits you with a club.
You block Jessica's attack.
Ijyb zaps a wand.
Some rock shatters into small pieces.
You climb upwards.
There is a stone staircase leading down here.
You closely miss the orc.
The orc is severely wounded.
Jessica casts a spell at you. Pain shoots through your body!
* * * LOW HITPOINT WARNING * * *
The orc closely misses you. You block Jessica's attack.
Unknown command.
You hit Jessica but do no damage.
Jessica points at you and mumbles some strange words.
Pain shoots through your body!
You die...

#.# #.# #.#.## #.# #.# #.#...
#.# #.# #.#### #.# #.# #.# #.#
#.### ##.#### ######.#
####...#########[.....
#......#
#...............#.####
#.##########.####@########.###
#.# #........@o# #.# #.#
#.###.###### #.# #.# #.# #.#
#.# #.# #.# #.# ##.# #.# #.#
#.# #..# #.# #.# #.# #.##
#.######.# #.# ####### #.#
#.......[###.####.....#
#.#######
########..........###.#
#.##.....


You could see Jessica and an orc.

Vanquished Creatures
  4 adders
  2 oozes
  3 giant geckos (D:2)
  4 bats
  3 giant cockroaches
  4 goblins
  6 hobgoblins
  2 jackals (D:2)
  6 kobolds
  A quokka (D:2)
  A ball python (D:2)
  3 giant newts
  13 rats
52 creatures vanquished.

Notes
Turn   | Place    | Note
--------------------------------------------------------------
     0 | D:1      | septik the Gargoyle Fighter began the quest for the Orb.
     0 | D:1      | Reached XP level 1. HP: 14/14 MP: 1/1
   154 | D:1      | Reached XP level 2. HP: 19/19 MP: 2/2
   853 | D:2      | Reached XP level 3. HP: 21/23 MP: 3/3
  1002 | D:2      | Found a snail-covered altar of Cheibriados.
  1016 | D:2      | Reached skill level 4 in Maces & Flails
  1237 | D:2      | Reached XP level 4. HP: 28/28 MP: 4/4
  1393 | D:2      | Found a faded altar to an unknown god.
  1871 | D:3      | Noticed Ijyb
  1873 | D:3      | Noticed Jessica
  1935 | D:2      | Killed from afar by Jessica

Vault maps used:
D:1:      tarquinn_simple_flora_water_b
D:2:      nicolae_overflow_crystal_walls, ecumenical_altar_1, first_bread
D:3:      uniq_iyjb, uniq_jessica

Action                   |  1- 3 |  4- 6 || total
-------------------------+-------+-------++-------
Melee: Flail             |   119 |       ||   119
       Whip              |     8 |   103 ||   111
  Eat: Chunk             |     1 |     2 ||     3
